WCHLSIM.com - West Coast Hockey League
html PUBLIC "-//W3C//DTD XHTML 1.0 Transitional//EN" "http://www.w3.org/TR/xhtml1/DTD/xhtml1-transitional.dtd"> WCHL - Game 83 - VANCOUVER VOODOO vs BANFF WOLVES

VANCOUVER VOODOO vs BANFF WOLVES

Created - 14 octobre 2019 at 20:30

Goals
1 2 3 T
VANCOUVER VOODOO 0 1 1 2
BANFF WOLVES 1 0 0 1
Shots
1 2 3 T
VANCOUVER VOODOO 10 11 9 30
BANFF WOLVES 12 3 8 23

1st period

1. BANFF WOLVES , Nikita Zaitsev 2 (Tanner Kero 1, Kevan Miller 3) at 5:01

Penalties :
Nikita Zaitsev (BAN) for Holding (Minor) at 0:48, Brett Kulak (VAN) for Hooking (Minor) at 8:20

2nd period

2. VANCOUVER VOODOO , Cam Atkinson 4 (Anze Kopitar 3) at 9:38

Penalties :
Josh Teves (BAN) for Charging (Minor) at 2:00, Miles Wood (BAN) for Interference (Minor) at 10:57, Josh Archibald (BAN) for Holding (Minor) at 14:47

3rd period

3. VANCOUVER VOODOO , Anze Kopitar 2 (Cam Atkinson 1) at 0:04

Penalties :
Miles Wood (BAN) for Roughing (Minor) at 12:24, John Hayden (BAN) for Roughing (Minor) at 17:58

Goalie Stats

Carey Price (VAN), 22 saves from 23 shots - (0,957), W, 3-1-1, 60:00 minutes
Mikko Koskinen (BAN), 28 saves from 30 shots - (0,933), L, 1-3-1, 60:00 minutes

Players Stats for VANCOUVER VOODOO

Player Name              G  A  P  +/- PIM S  H  SB GA TA FO     MP     PP MP  PK MP  
------------------------------------------------------------------------------------
Alexander Kerfoot        0  0  0  -1  0   1  0  0  0  0  0/0    17:05   5:53   0:00 
Andrew Shaw              0  0  0   0  0   2  2  0  0  0  1/6    20:33   5:53   0:55 
Anze Kopitar             1  1  2   2  0   4  0  0  0  0  18/25  21:20   5:53   1:04 
Austin Wagner            0  0  0   0  0   0  1  0  0  0  0/1     8:14   0:00   0:00 
Brayden Point            0  0  0   0  0   5  0  0  0  0  13/22  19:46   6:01   0:00 
Brett Kulak              0  0  0   0  2   0  1  0  0  0  0/0    18:50   1:09   0:00 
Bryan Little             0  0  0  -1  0   1  0  0  0  0  8/11   10:12   0:27   0:00 
Cam Atkinson             1  1  2   2  0   6  0  1  0  0  0/0    19:57   5:34   0:00 
Christian Wolanin        0  0  0   0  0   0  1  0  0  0  0/0    19:24   4:41   0:00 
Frank Vatrano            0  0  0   2  0   0  2  0  0  0  0/0    14:23   0:00   0:00 
Joel Eriksson Ek         0  0  0   0  0   1  1  0  0  0  4/6     8:14   0:00   0:00 
Leo Komarov              0  0  0   0  0   2  0  0  0  0  1/1     8:14   0:00   0:00 
Mathew Dumba             0  0  0   1  0   0  2  1  0  0  0/0    25:48   6:46   0:55 
Michael Matheson         0  0  0   1  0   5  1  0  0  0  0/0    24:35   4:41   1:04 
Rasmus Andersson         0  0  0   0  0   0  3  0  0  0  0/0    21:49   5:13   0:55 
Rocco Grimaldi           0  0  0  -1  0   1  0  1  0  0  0/2    10:49   0:00   1:04 
Shea Theodore            0  0  0   0  0   1  0  0  0  0  0/0     8:04   1:18   1:04 
Tomas Tatar              0  0  0   0  0   1  3  0  0  0  0/1    20:43   6:01   0:55 

Players Stats for BANFF WOLVES

Player Name              G  A  P  +/- PIM S  H  SB GA TA FO     MP     PP MP  PK MP  
------------------------------------------------------------------------------------
Alex Biega               0  0  0  -1  0   0  2  1  0  0  0/0    21:01   0:59   5:42 
Craig Smith              0  0  0   0  0   2  1  1  0  0  0/0    18:29   1:00   5:18 
John Hayden              0  0  0  -2  2   0  0  0  0  0  1/1    11:14   0:00   0:40 
Josh Archibald           0  0  0  -2  2   2  1  0  0  0  4/17   11:52   0:59   0:17 
Josh Teves               0  0  0   0  2   1  15 1  0  0  0/0    16:38   0:00   0:44 
Kevan Miller             0  1  1   0  0   1  3  0  0  0  0/0    22:38   1:00   5:46 
Mark Jankowski           0  0  0   0  0   3  1  0  0  0  9/18   13:44   1:00   0:31 
Mark Letestu             0  0  0   1  0   1  0  0  0  0  3/10   12:01   0:00   0:00 
Markus Granlund          0  0  0   0  0   4  0  0  0  0  3/6    18:24   1:00   5:13 
Max McCormick            0  0  0   0  0   0  1  0  0  0  5/15   11:32   0:00   0:12 
Miles Wood               0  0  0   0  4   4  2  1  0  0  0/0    12:15   0:59   0:00 
Nikita Zaitsev           1  0  1   0  2   1  0  1  0  0  0/0    22:12   1:00   5:19 
Patrick Bajkov           0  0  0   1  0   0  2  0  0  0  0/0    12:01   0:00   0:00 
Riley Stillman           0  0  0   0  0   0  0  1  0  0  0/0    17:08   0:00   1:15 
Tanner Kero              0  1  1   1  0   0  0  0  0  0  1/1    12:01   0:00   0:00 
Taylor Fedun             0  0  0  -1  0   0  0  0  0  0  0/0    20:21   0:59   5:02 
Tyler Ennis              0  0  0  -2  0   3  0  0  0  0  0/0    16:28   0:00   5:53 
Tyler Toffoli            0  0  0   0  0   1  0  0  0  0  4/7    18:01   0:59   5:44 

3 Stars

1 - Cam Atkinson (VAN)
2 - Anze Kopitar (VAN)
3 - Josh Teves (BAN)

Power Play

VANCOUVER VOODOO - 0 on 6 Attempt(s) - 0,00%
BANFF WOLVES - 0 on 1 Attempt(s) - 0,00%

Penalty Kill

VANCOUVER VOODOO - 1 on 1 Attempt(s) - 100,00% - Score 0 goal in Penalty Kill
BANFF WOLVES - 6 on 6 Attempt(s) - 100,00% - Score 0 goal in Penalty Kill

Team Stat

VANCOUVER VOODOO - Hits : 17 - Faceoff Wins : 45 - Blocked Shots : 3 - Penalty Minutes : 2
BANFF WOLVES - Hits : 28 - Faceoff Wins : 30 - Blocked Shots : 6 - Penalty Minutes : 12

Official

Referees : Pierre Lambert and Greg Kimmerly
Linesman : Rich Patry and Greg McAlpine

Game Notes

Shea Theodore is injured at 2:00 of 2nd period (Concussion)

Finance

Level 1 -- Attendance: 6584 (93,39%) -- Ticket Income 592 560 $
Level 2 -- Attendance: 4993 (83,83%) -- Ticket Income 274 615 $
Level 3 -- Attendance: 2340 (100,00%) -- Ticket Income 70 200 $
Level 4 -- Attendance: 4854 (97,08%) -- Ticket Income 97 080 $
Luxury Box -- Attendance: 1030 (96,71%) -- Ticket Income 190 550 $
Game was played at the Rocky Mountains Sports Complex.
Total Attendance: 19801 (92,48%)
Total Ticket Income: 1 225 005 $
Other Income: 367 502 $
Total Income: 1 592 507 $

VANCOUVER VOODOO

5 vs 5 Forward 
   Center                   Left Wing                Right Wing               Time % Phy DF OF 
 1 Anze Kopitar             Frank Vatrano            Cam Atkinson             34     1   1  3  
 2 Brayden Point            Tomas Tatar              Andrew Shaw              33     1   2  2  
 3 Bryan Little             Alexander Kerfoot        Rocco Grimaldi           25     2   2  1  
 4 Joel Eriksson Ek         Austin Wagner            Leo Komarov              8      1   3  1  

5 vs 5 Defense 
   Defense                  Defense                                           Time % Phy DF OF 
 1 Michael Matheson         Mathew Dumba                                      36     1   2  2  
 2 Brett Kulak              Shea Theodore                                     35     1   2  2  
 3 Christian Wolanin        Rasmus Andersson                                  29     2   2  1  
 4 Brett Kulak              Michael Matheson                                  0      1   2  2  

PowerPlay Forward 
   Center                   Left Wing                Right Wing               Time % Phy DF OF 
 1 Brayden Point            Tomas Tatar              Cam Atkinson             50     0   1  4  
 2 Anze Kopitar             Alexander Kerfoot        Andrew Shaw              50     1   1  3  

PowerPlay Defense
   Defense                  Defense                                           Time % Phy DF OF 
 1 Mathew Dumba             Shea Theodore                                     59     1   0  4  
 2 Michael Matheson         Christian Wolanin                                 41     1   2  2  

Penalty Kill 4 Players Forward 
   Center                   Wing                     Time % Phy DF OF 
 1 Anze Kopitar             Rocco Grimaldi           50     1   3  1  
 2 Andrew Shaw              Tomas Tatar              50     2   3  0  

Penalty Kill 4 Players Defense
   Defense                  Defense                  Time % Phy DF OF 
 1 Shea Theodore            Michael Matheson         58     1   4  0  
 2 Brett Kulak              Mathew Dumba             42     1   2  2  

Penalty Kill - 3 Players Forward 
   Forward                                           Time % Phy DF OF 
 1 Anze Kopitar                                      55     2   2  1  
 2 Brayden Point                                     45     1   3  1  

Penalty Kill - 3 Players Defense
   Defense                  Defense                  Time % Phy DF OF 
 1 Christian Wolanin        Michael Matheson         60     1   4  0  
 2 Mathew Dumba             Rasmus Andersson         40     2   1  2  

4 vs 4 Forward 
   Center                   Wing                     Time % Phy DF OF 
 1 Bryan Little             Rocco Grimaldi           50     1   3  1  
 2 Leo Komarov              Austin Wagner            50     2   2  1  

4 vs 4 Defense
   Defense                  Defense                  Time % Phy DF OF 
 1 Shea Theodore            Brett Kulak              50     2   2  1  
 2 Mathew Dumba             Christian Wolanin        50     1   1  3  

Last Minutes Offensive
   Center                   Left Wing                Right Wing               Defense                  Defense                  
   Anze Kopitar             Brayden Point            Cam Atkinson             Mathew Dumba             Michael Matheson         

Last Minutes Defensive
   Center                   Left Wing                Right Wing               Defense                  Defense                  
   Anze Kopitar             Tomas Tatar              Rocco Grimaldi           Shea Theodore            Michael Matheson         

Goaltenders
Starting : Carey Price              
Backup : Pheonix Copley           

Extra Forwards
Normal : Bryan Little, Tomas Tatar, Andrew Shaw - PP : Bryan Little, Alexander Kerfoot - PK : Brayden Point
Extra Defensemen
Normal : Brett Kulak, Rasmus Andersson, Mathew Dumba - PP : Rasmus Andersson - PK : Rasmus Andersson, Mathew Dumba
Penalty Shots
Anze Kopitar, Brayden Point, Cam Atkinson, Tomas Tatar, Andrew Shaw
Custom OT Lines Forwards
Brayden Point, Cam Atkinson, Anze Kopitar, Tomas Tatar, Andrew Shaw, Bryan Little, Frank Vatrano, Alexander Kerfoot, Rocco Grimaldi, Leo Komarov
Custom OT Lines Defensemen
Michael Matheson, Mathew Dumba, Shea Theodore, Brett Kulak, Rasmus Andersson

Scratches
Jay Bouwmeester (Lacerated Right Calf Injury), Sean Malone (Healthy), Michael Dal Colle (Healthy), Nikita Scherbak (Healthy)

BANFF WOLVES

5 vs 5 Forward 
   Center                   Left Wing                Right Wing               Time % Phy DF OF 
 1 Mark Jankowski           Markus Granlund          Craig Smith              26     1   2  2  
 2 Max McCormick            Miles Wood               Tyler Toffoli            25     1   2  2  
 3 Josh Archibald           Tyler Ennis              John Hayden              25     1   2  2  
 4 Mark Letestu             Tanner Kero              Patrick Bajkov           24     1   2  2  

5 vs 5 Defense 
   Defense                  Defense                                           Time % Phy DF OF 
 1 Nikita Zaitsev           Kevan Miller                                      36     1   2  2  
 2 Alex Biega               Taylor Fedun                                      31     1   2  2  
 3 Josh Teves               Riley Stillman                                    23     1   2  2  
 4 Nikita Zaitsev           Kevan Miller                                      10     1   2  2  

PowerPlay Forward 
   Center                   Left Wing                Right Wing               Time % Phy DF OF 
 1 Mark Jankowski           Markus Granlund          Craig Smith              55     1   2  2  
 2 Josh Archibald           Miles Wood               Tyler Toffoli            45     1   2  2  

PowerPlay Defense
   Defense                  Defense                                           Time % Phy DF OF 
 1 Nikita Zaitsev           Kevan Miller                                      55     1   2  2  
 2 Alex Biega               Taylor Fedun                                      45     1   2  2  

Penalty Kill 4 Players Forward 
   Center                   Wing                     Time % Phy DF OF 
 1 Markus Granlund          Craig Smith              55     1   2  2  
 2 Tyler Toffoli            Tyler Ennis              45     1   2  2  

Penalty Kill 4 Players Defense
   Defense                  Defense                  Time % Phy DF OF 
 1 Nikita Zaitsev           Kevan Miller             55     1   2  2  
 2 Alex Biega               Taylor Fedun             45     1   2  2  

Penalty Kill - 3 Players Forward 
   Forward                                           Time % Phy DF OF 
 1 Tyler Toffoli                                     55     1   2  2  
 2 Craig Smith                                       45     1   2  2  

Penalty Kill - 3 Players Defense
   Defense                  Defense                  Time % Phy DF OF 
 1 Riley Stillman           Kevan Miller             55     1   2  2  
 2 Alex Biega               Taylor Fedun             45     1   2  2  

4 vs 4 Forward 
   Center                   Wing                     Time % Phy DF OF 
 1 Markus Granlund          Craig Smith              55     1   2  2  
 2 Tyler Toffoli            Max McCormick            45     1   2  2  

4 vs 4 Defense
   Defense                  Defense                  Time % Phy DF OF 
 1 Josh Teves               Kevan Miller             55     1   2  2  
 2 Alex Biega               Taylor Fedun             45     1   2  2  

Last Minutes Offensive
   Center                   Left Wing                Right Wing               Defense                  Defense                  
   Mark Jankowski           Markus Granlund          Craig Smith              Nikita Zaitsev           Kevan Miller             

Last Minutes Defensive
   Center                   Left Wing                Right Wing               Defense                  Defense                  
   Mark Jankowski           Markus Granlund          Craig Smith              Nikita Zaitsev           Kevan Miller             

Goaltenders
Starting : Mikko Koskinen           
Backup : Pavel Francouz           

Extra Forwards
Normal : Max McCormick, Josh Archibald, Tyler Ennis - PP : Max McCormick, Josh Archibald - PK : Tyler Ennis
Extra Defensemen
Normal : Josh Teves, Riley Stillman, Alex Biega - PP : Josh Teves - PK : Riley Stillman, Alex Biega
Penalty Shots
Mark Jankowski, Craig Smith, Tyler Toffoli, Josh Archibald, Markus Granlund
Custom OT Lines Forwards
Mark Jankowski, Craig Smith, Tyler Toffoli, Max McCormick, Markus Granlund, Josh Archibald, Miles Wood, Tyler Ennis, Mark Letestu, Tanner Kero
Custom OT Lines Defensemen
Nikita Zaitsev, Kevan Miller, Alex Biega, Taylor Fedun, Josh Teves

Scratches
Jack Eichel (Exhaustion), Miro Heiskanen (Sprained Right Finger Injury), Devante Smith-Pelly (Healthy), Gemel Smith (Healthy), James de Haas (Healthy)
Michael Stone (Left Hip Injury)

% Time on Ice - VANCOUVER VOODOO

Lines # - Real PCT - Wanted PCT - Time Play
Normal Forward
1 - 31% - 34% - 14:23
2 - 30% - 33% - 13:45
3 - 21% - 25% - 9:43
4 - 18% - 8% - 8:14
Normal Defense
1 - 33% - 36% - 15:13
2 - 43% - 35% - 19:57
3 - 23% - 29% - 10:41
4 - 1% - 0% - 0:14
PP Forward
1 - 51% - 50% - 6:01
2 - 49% - 50% - 5:53
PP Defense
1 - 61% - 59% - 7:13
2 - 39% - 41% - 4:41
PK Forward
1 - 54% - 50% - 1:04
2 - 46% - 50% - 0:55
PK Defense
1 - 54% - 58% - 1:04
2 - 46% - 42% - 0:55
PK3 Forward
1 - 0% - 55%
2 - 0% - 45%
PK3 Defense
1 - 0% - 60%
2 - 0% - 40%
44 Forward
1 - 0% - 50%
2 - 0% - 50%
44 Defense
1 - 0% - 50%
2 - 0% - 50%
Last Minute Offensive  - 0:00
Last Minute Defensive  - 0:02
Total
Forward - 60:00
Defense - 60:00

% Time on Ice - BANFF WOLVES

Lines # - Real PCT - Wanted PCT - Time Play
Normal Forward
1 - 26% - 26% - 12:11
2 - 25% - 25% - 11:18
3 - 23% - 25% - 10:35
4 - 26% - 24% - 12:01
Normal Defense
1 - 33% - 36% - 15:10
2 - 31% - 31% - 14:20
3 - 34% - 23% - 15:53
4 - 2% - 10% - 0:42
PP Forward
1 - 50% - 55% - 1:00
2 - 50% - 45% - 0:59
PP Defense
1 - 50% - 55% - 1:00
2 - 50% - 45% - 0:59
PK Forward
1 - 52% - 55% - 6:10
2 - 48% - 45% - 5:44
PK Defense
1 - 58% - 55% - 6:52
2 - 42% - 45% - 5:02
PK3 Forward
1 - 0% - 55%
2 - 0% - 45%
PK3 Defense
1 - 0% - 55%
2 - 0% - 45%
44 Forward
1 - 0% - 55%
2 - 0% - 45%
44 Defense
1 - 0% - 55%
2 - 0% - 45%
Last Minute Offensive  - 0:02
Last Minute Defensive  - 0:00
Total
Forward - 60:00
Defense - 60:00

Play-by-Play

1st period


0:01 of 1st period - Mark Jankowski wins face-off versus Anze Kopitar in neutral zone.
0:10 of 1st period - Shot by Anze Kopitar.
0:10 of 1st period - Shot Misses the Net.
0:13 of 1st period - Frank Vatrano is hit by Kevan Miller and loses puck.
0:26 of 1st period - Shot by Craig Smith.
0:26 of 1st period - Stopped by Carey Price with a rebound.
0:40 of 1st period - Anze Kopitar is hit by Craig Smith and loses puck.
0:48 of 1st period - Minor Penalty to Nikita Zaitsev for Holding.
0:49 of 1st period - Tyler Toffoli wins face-off versus Brayden Point in BANFF WOLVES zone.
2:18 of 1st period - Shot by Anze Kopitar.
2:18 of 1st period - Stopped by Mikko Koskinen without a rebound.
2:19 of 1st period - Tyler Toffoli wins face-off versus Brayden Point in BANFF WOLVES zone.
2:45 of 1st period - Shot by Brayden Point.
2:45 of 1st period - Stopped by Mikko Koskinen without a rebound.
2:46 of 1st period - Markus Granlund wins face-off versus Andrew Shaw in BANFF WOLVES zone.
2:52 of 1st period - Icing by Michael Matheson.
2:53 of 1st period - Max McCormick wins face-off versus Joel Eriksson Ek in VANCOUVER VOODOO zone.
2:53 of 1st period - Max McCormick is hit by Brett Kulak.
3:01 of 1st period - Shot by Miles Wood.
3:01 of 1st period - Stopped by Carey Price without a rebound.
3:02 of 1st period - Bryan Little wins face-off versus Mark Letestu in VANCOUVER VOODOO zone.
3:02 of 1st period - Bryan Little is hit by Patrick Bajkov.
3:07 of 1st period - Off-side.
3:08 of 1st period - Brayden Point wins face-off versus Max McCormick in neutral zone.
3:13 of 1st period - Shot by Brayden Point.
3:13 of 1st period - Shot Hit the Post.
3:33 of 1st period - Shot by Brayden Point.
3:33 of 1st period - Shot Misses the Net.
3:35 of 1st period - Shot by Shea Theodore.
3:35 of 1st period - Stopped by Mikko Koskinen without a rebound.
3:36 of 1st period - John Hayden wins face-off versus Bryan Little in BANFF WOLVES zone.
4:59 of 1st period - Shot by Tanner Kero.
4:59 of 1st period - Shot Misses the Net.
5:01 of 1st period - Shot by Nikita Zaitsev.
5:01 of 1st period - Goal by Nikita Zaitsev - VANCOUVER VOODOO : 0 - BANFF WOLVES : 1.
5:02 of 1st period - Brayden Point wins face-off versus Max McCormick in neutral zone.
5:04 of 1st period - Off-side.
5:05 of 1st period - Max McCormick wins face-off versus Brayden Point in neutral zone.
5:20 of 1st period - Shot by Miles Wood.
5:20 of 1st period - Stopped by Carey Price without a rebound.
5:21 of 1st period - Anze Kopitar wins face-off versus Mark Jankowski in VANCOUVER VOODOO zone.
5:42 of 1st period - Shot by Anze Kopitar.
5:42 of 1st period - Shot Misses the Net.
5:44 of 1st period - Shot by Cam Atkinson.
5:44 of 1st period - Stopped by Mikko Koskinen with a rebound.
5:46 of 1st period - Shot by Cam Atkinson.
5:46 of 1st period - Shot Misses the Net.
5:59 of 1st period - Off-side.
6:00 of 1st period - Mark Letestu wins face-off versus Brayden Point in neutral zone.
6:36 of 1st period - Shot by Shea Theodore.
6:36 of 1st period - Shot Blocked by Alex Biega.
7:12 of 1st period - Shot by Joel Eriksson Ek.
7:12 of 1st period - Stopped by Mikko Koskinen without a rebound.
7:13 of 1st period - Max McCormick wins face-off versus Anze Kopitar in BANFF WOLVES zone.
7:29 of 1st period - Shot by Cam Atkinson.
7:29 of 1st period - Stopped by Mikko Koskinen without a rebound.
7:30 of 1st period - Bryan Little wins face-off versus Josh Archibald in BANFF WOLVES zone.
7:33 of 1st period - Shot by Rocco Grimaldi.
7:33 of 1st period - Deflect By Alexander Kerfoot.
7:33 of 1st period - Shot Misses the Net.
7:35 of 1st period - Shot by Michael Matheson.
7:35 of 1st period - Stopped by Mikko Koskinen with a rebound.
7:37 of 1st period - Shot by Michael Matheson.
7:37 of 1st period - Stopped by Mikko Koskinen without a rebound.
7:38 of 1st period - Anze Kopitar wins face-off versus Mark Jankowski in BANFF WOLVES zone.
8:02 of 1st period - Shot by Markus Granlund.
8:02 of 1st period - Stopped by Carey Price without a rebound.
8:03 of 1st period - Josh Archibald wins face-off versus Brayden Point in VANCOUVER VOODOO zone.
8:18 of 1st period - Shot by Tyler Ennis.
8:18 of 1st period - Stopped by Carey Price with a rebound.
8:20 of 1st period - Shot by Josh Archibald.
8:20 of 1st period - Stopped by Carey Price without a rebound.
8:20 of 1st period - Minor Penalty to Brett Kulak for Hooking.
8:21 of 1st period - Mark Jankowski wins face-off versus Rocco Grimaldi in VANCOUVER VOODOO zone.
8:30 of 1st period - Shot by Markus Granlund.
8:30 of 1st period - Stopped by Carey Price with a rebound.
8:32 of 1st period - Shot by Nikita Zaitsev.
8:32 of 1st period - Shot Misses the Net.
8:34 of 1st period - Shot by Kevan Miller.
8:34 of 1st period - Stopped by Carey Price without a rebound.
8:35 of 1st period - Andrew Shaw wins face-off versus Josh Archibald in VANCOUVER VOODOO zone.
8:43 of 1st period - Josh Archibald is hit by Andrew Shaw and loses puck.
9:12 of 1st period - Shot by Miles Wood.
9:12 of 1st period - Stopped by Carey Price without a rebound.
9:13 of 1st period - Anze Kopitar wins face-off versus Mark Jankowski in VANCOUVER VOODOO zone.
10:24 of 1st period - Shot by Tanner Kero.
10:24 of 1st period - Shot Misses the Net.
10:27 of 1st period - Icing by Rasmus Andersson.
10:28 of 1st period - Joel Eriksson Ek wins face-off versus Mark Letestu in VANCOUVER VOODOO zone.
11:18 of 1st period - Mathew Dumba is hit by Josh Teves and loses puck.
11:38 of 1st period - Shot by Brayden Point.
11:38 of 1st period - Shot Blocked by Riley Stillman.
11:40 of 1st period - Shot by Michael Matheson.
11:40 of 1st period - Stopped by Mikko Koskinen without a rebound.
11:41 of 1st period - Anze Kopitar wins face-off versus Max McCormick in BANFF WOLVES zone.
12:36 of 1st period - Icing by Nikita Zaitsev.
12:37 of 1st period - Max McCormick wins face-off versus Brayden Point in BANFF WOLVES zone.
16:15 of 1st period - Icing by Josh Teves.
16:16 of 1st period - Mark Jankowski wins face-off versus Austin Wagner in BANFF WOLVES zone.
17:15 of 1st period - John Hayden is hit by Michael Matheson and loses puck.
17:31 of 1st period - Icing by Alex Biega.
17:32 of 1st period - Anze Kopitar wins face-off versus Mark Letestu in BANFF WOLVES zone.
17:41 of 1st period - Shot by Anze Kopitar.
17:41 of 1st period - Stopped by Mikko Koskinen without a rebound.
17:42 of 1st period - Mark Jankowski wins face-off versus Brayden Point in BANFF WOLVES zone.
19:00 of 1st period - Shot by Tyler Toffoli.
19:00 of 1st period - Stopped by Carey Price without a rebound.
19:01 of 1st period - Josh Archibald wins face-off versus Bryan Little in VANCOUVER VOODOO zone.
19:10 of 1st period - Shot by Josh Archibald.
19:10 of 1st period - Stopped by Carey Price without a rebound.
19:11 of 1st period - Anze Kopitar wins face-off versus Mark Letestu in VANCOUVER VOODOO zone.
Goals for this period are 0 for VANCOUVER VOODOO vs 1 for BANFF WOLVES.
Shots for this period are 10 for VANCOUVER VOODOO vs 12 for BANFF WOLVES.

2nd period


0:01 of 2nd period - Brayden Point wins face-off versus Josh Archibald in neutral zone.
0:10 of 2nd period - Icing by Brett Kulak.
0:11 of 2nd period - Brayden Point wins face-off versus Max McCormick in VANCOUVER VOODOO zone.
0:33 of 2nd period - Shot by Miles Wood.
0:33 of 2nd period - Shot Misses the Net.
0:51 of 2nd period - Shot by Andrew Shaw.
0:51 of 2nd period - Shot Misses the Net.
0:53 of 2nd period - Shot by Andrew Shaw.
0:53 of 2nd period - Stopped by Mikko Koskinen without a rebound.
0:54 of 2nd period - Josh Archibald wins face-off versus Anze Kopitar in BANFF WOLVES zone.
1:01 of 2nd period - Shot by Tyler Ennis.
1:01 of 2nd period - Shot Misses the Net.
1:10 of 2nd period - Icing by Frank Vatrano.
1:11 of 2nd period - Anze Kopitar wins face-off versus Mark Jankowski in VANCOUVER VOODOO zone.
1:18 of 2nd period - Shot by Cam Atkinson.
1:18 of 2nd period - Shot Misses the Net.
1:20 of 2nd period - Shot by Michael Matheson.
1:20 of 2nd period - Stopped by Mikko Koskinen with a rebound.
1:35 of 2nd period - Cam Atkinson is hit by Josh Teves and loses puck.
1:40 of 2nd period - Shot by Frank Vatrano.
1:40 of 2nd period - Shot Hit the Post.
1:58 of 2nd period - Icing by Mark Jankowski.
1:59 of 2nd period - Bryan Little wins face-off versus Mark Jankowski in BANFF WOLVES zone.
1:59 of 2nd period - Shea Theodore is hit by Josh Teves and loses puck.
2:00 of 2nd period - Minor Penalty to Josh Teves for Charging.
2:00 of 2nd period - Shea Theodore from VANCOUVER VOODOO is injured at 2:00 of 2nd period (Concussion).
2:01 of 2nd period - Anze Kopitar wins face-off versus Tyler Toffoli in BANFF WOLVES zone.
4:03 of 2nd period - Shot by Joel Eriksson Ek.
4:03 of 2nd period - Shot Misses the Net.
4:06 of 2nd period - Icing by Josh Teves.
4:07 of 2nd period - Mark Letestu wins face-off versus Joel Eriksson Ek in BANFF WOLVES zone.
4:07 of 2nd period - Mark Letestu is hit by Joel Eriksson Ek.
4:27 of 2nd period - Joel Eriksson Ek is hit by Josh Teves and loses puck.
4:35 of 2nd period - Shot by Joel Eriksson Ek.
4:35 of 2nd period - Deflect By Leo Komarov.
4:35 of 2nd period - Shot Misses the Net.
5:07 of 2nd period - Rocco Grimaldi is hit by Patrick Bajkov and loses puck.
5:13 of 2nd period - Bryan Little is hit by Josh Teves and loses puck.
5:31 of 2nd period - Tomas Tatar is hit by Josh Teves and loses puck.
6:57 of 2nd period - Shot by Craig Smith.
6:57 of 2nd period - Shot Misses the Net.
7:19 of 2nd period - Markus Granlund is hit by Rasmus Andersson and loses puck.
7:42 of 2nd period - Shot by Josh Archibald.
7:42 of 2nd period - Deflect By Tyler Ennis.
7:42 of 2nd period - Stopped by Carey Price without a rebound.
7:43 of 2nd period - Joel Eriksson Ek wins face-off versus Tyler Toffoli in VANCOUVER VOODOO zone.
7:43 of 2nd period - Joel Eriksson Ek is hit by Miles Wood.
8:28 of 2nd period - Shot by Andrew Shaw.
8:28 of 2nd period - Shot Blocked by Miles Wood.
8:30 of 2nd period - Shot by Michael Matheson.
8:30 of 2nd period - Shot Blocked by Nikita Zaitsev.
8:32 of 2nd period - Shot by Brayden Point.
8:32 of 2nd period - Shot Misses the Net.
8:34 of 2nd period - Shot by Brayden Point.
8:34 of 2nd period - Stopped by Mikko Koskinen without a rebound.
8:35 of 2nd period - Bryan Little wins face-off versus Josh Archibald in BANFF WOLVES zone.
8:38 of 2nd period - Shot by Rocco Grimaldi.
8:38 of 2nd period - Stopped by Mikko Koskinen with a rebound.
9:38 of 2nd period - Shot by Cam Atkinson.
9:38 of 2nd period - Goal by Cam Atkinson - VANCOUVER VOODOO : 1 - BANFF WOLVES : 1.
9:39 of 2nd period - Mark Jankowski wins face-off versus Brayden Point in neutral zone.
9:46 of 2nd period - Shot by Markus Granlund.
9:46 of 2nd period - Shot Misses the Net.
9:48 of 2nd period - Shot by Josh Teves.
9:48 of 2nd period - Stopped by Carey Price without a rebound.
9:49 of 2nd period - Anze Kopitar wins face-off versus Mark Jankowski in VANCOUVER VOODOO zone.
10:02 of 2nd period - Shot by Anze Kopitar.
10:02 of 2nd period - Shot Hit the Post.
10:51 of 2nd period - Shot by Mark Letestu.
10:51 of 2nd period - Stopped by Carey Price without a rebound.
10:52 of 2nd period - Brayden Point wins face-off versus Max McCormick in VANCOUVER VOODOO zone.
10:52 of 2nd period - Brayden Point is hit by Max McCormick.
10:57 of 2nd period - Minor Penalty to Miles Wood for Interference.
10:58 of 2nd period - Brayden Point wins face-off versus Markus Granlund in BANFF WOLVES zone.
12:02 of 2nd period - Shot by Anze Kopitar.
12:02 of 2nd period - Shot Misses the Net.
12:45 of 2nd period - Alex Biega is hit by Tomas Tatar and loses puck.
12:50 of 2nd period - Shot by Cam Atkinson.
12:50 of 2nd period - Stopped by Mikko Koskinen without a rebound.
12:51 of 2nd period - Anze Kopitar wins face-off versus Markus Granlund in BANFF WOLVES zone.
12:56 of 2nd period - Shot by Andrew Shaw.
12:56 of 2nd period - Shot Misses the Net.
13:00 of 2nd period - Shot by Joel Eriksson Ek.
13:00 of 2nd period - Shot Blocked by Josh Teves.
13:09 of 2nd period - Shot by Joel Eriksson Ek.
13:09 of 2nd period - Deflect By Leo Komarov.
13:09 of 2nd period - Stopped by Mikko Koskinen without a rebound.
13:10 of 2nd period - Bryan Little wins face-off versus Max McCormick in BANFF WOLVES zone.
13:29 of 2nd period - Shot by Alexander Kerfoot.
13:29 of 2nd period - Stopped by Mikko Koskinen without a rebound.
13:30 of 2nd period - Mark Jankowski wins face-off versus Andrew Shaw in BANFF WOLVES zone.
13:58 of 2nd period - Shot by Brayden Point.
13:58 of 2nd period - Shot Blocked by Craig Smith.
14:32 of 2nd period - Shot by Cam Atkinson.
14:32 of 2nd period - Stopped by Mikko Koskinen without a rebound.
14:33 of 2nd period - Bryan Little wins face-off versus Josh Archibald in BANFF WOLVES zone.
14:33 of 2nd period - Rocco Grimaldi is hit by Alex Biega and loses puck.
14:47 of 2nd period - Minor Penalty to Josh Archibald for Holding.
14:48 of 2nd period - Tyler Toffoli wins face-off versus Tomas Tatar in BANFF WOLVES zone.
14:48 of 2nd period - Tyler Toffoli is hit by Tomas Tatar.
16:47 of 2nd period - Icing by Mathew Dumba.
16:48 of 2nd period - Joel Eriksson Ek wins face-off versus Mark Letestu in VANCOUVER VOODOO zone.
16:57 of 2nd period - Shot by Joel Eriksson Ek.
16:57 of 2nd period - Shot Misses the Net.
17:03 of 2nd period - Shot by Leo Komarov.
17:03 of 2nd period - Shot Misses the Net.
17:05 of 2nd period - Shot by Michael Matheson.
17:05 of 2nd period - Stopped by Mikko Koskinen without a rebound.
17:06 of 2nd period - Anze Kopitar wins face-off versus Max McCormick in BANFF WOLVES zone.
17:46 of 2nd period - Off-side.
17:47 of 2nd period - Brayden Point wins face-off versus Josh Archibald in neutral zone.
18:10 of 2nd period - Icing by Kevan Miller.
18:11 of 2nd period - Josh Archibald wins face-off versus Rocco Grimaldi in BANFF WOLVES zone.
18:30 of 2nd period - Shot by Bryan Little.
18:30 of 2nd period - Stopped by Mikko Koskinen without a rebound.
18:31 of 2nd period - Brayden Point wins face-off versus Mark Jankowski in BANFF WOLVES zone.
18:42 of 2nd period - Mark Jankowski is hit by Tomas Tatar and loses puck.
18:55 of 2nd period - Michael Matheson is hit by Josh Teves and loses puck.
19:23 of 2nd period - Icing by Alex Biega.
19:24 of 2nd period - Bryan Little wins face-off versus Max McCormick in BANFF WOLVES zone.
Goals for this period are 1 for VANCOUVER VOODOO vs 0 for BANFF WOLVES.
Shots for this period are 11 for VANCOUVER VOODOO vs 3 for BANFF WOLVES.

3rd period


0:01 of 3rd period - Anze Kopitar wins face-off versus Josh Archibald in neutral zone.
0:04 of 3rd period - Shot by Anze Kopitar.
0:04 of 3rd period - Goal by Anze Kopitar - VANCOUVER VOODOO : 2 - BANFF WOLVES : 1.
0:05 of 3rd period - Anze Kopitar wins face-off versus Josh Archibald in neutral zone.
0:10 of 3rd period - Josh Archibald is hit by Frank Vatrano and loses puck.
0:35 of 3rd period - Shot by Cam Atkinson.
0:35 of 3rd period - Stopped by Mikko Koskinen without a rebound.
0:36 of 3rd period - Mark Jankowski wins face-off versus Andrew Shaw in BANFF WOLVES zone.
0:36 of 3rd period - Mark Jankowski is hit by Andrew Shaw.
0:44 of 3rd period - Shot by Markus Granlund.
0:44 of 3rd period - Stopped by Carey Price without a rebound.
0:45 of 3rd period - Brayden Point wins face-off versus Max McCormick in VANCOUVER VOODOO zone.
0:58 of 3rd period - Shot by Tomas Tatar.
0:58 of 3rd period - Stopped by Mikko Koskinen without a rebound.
0:59 of 3rd period - Mark Jankowski wins face-off versus Anze Kopitar in BANFF WOLVES zone.
1:04 of 3rd period - Frank Vatrano is hit by Mark Jankowski and loses puck.
1:16 of 3rd period - Shot by Craig Smith.
1:16 of 3rd period - Shot Misses the Net.
1:40 of 3rd period - Shot by Mark Jankowski.
1:40 of 3rd period - Stopped by Carey Price without a rebound.
1:41 of 3rd period - Bryan Little wins face-off versus Josh Archibald in VANCOUVER VOODOO zone.
2:29 of 3rd period - Miles Wood is hit by Rasmus Andersson and loses puck.
2:44 of 3rd period - Shot by Miles Wood.
2:44 of 3rd period - Shot Blocked by Rocco Grimaldi.
2:47 of 3rd period - Tyler Toffoli is hit by Christian Wolanin and loses puck.
2:55 of 3rd period - Tyler Toffoli is hit by Rasmus Andersson and loses puck.
3:00 of 3rd period - Shot by Miles Wood.
3:00 of 3rd period - Shot Misses the Net.
3:07 of 3rd period - Icing by Rocco Grimaldi.
3:08 of 3rd period - Mark Letestu wins face-off versus Bryan Little in VANCOUVER VOODOO zone.
3:15 of 3rd period - Shot by Mark Letestu.
3:15 of 3rd period - Shot Misses the Net.
3:56 of 3rd period - Icing by Taylor Fedun.
3:57 of 3rd period - Mark Jankowski wins face-off versus Anze Kopitar in BANFF WOLVES zone.
4:16 of 3rd period - Shot by Markus Granlund.
4:16 of 3rd period - Stopped by Carey Price without a rebound.
4:17 of 3rd period - Brayden Point wins face-off versus Josh Archibald in VANCOUVER VOODOO zone.
4:30 of 3rd period - Brayden Point is hit by Josh Teves and loses puck.
4:35 of 3rd period - Shot by Tomas Tatar.
4:35 of 3rd period - Deflect By Brayden Point.
4:35 of 3rd period - Stopped by Mikko Koskinen with a rebound.
4:51 of 3rd period - Shot by Brayden Point.
4:51 of 3rd period - Shot Misses the Net.
5:27 of 3rd period - Kevan Miller is hit by Frank Vatrano and loses puck.
5:41 of 3rd period - Anze Kopitar is hit by Kevan Miller and loses puck.
5:55 of 3rd period - Leo Komarov is hit by Kevan Miller and loses puck.
5:59 of 3rd period - Icing by Nikita Zaitsev.
6:00 of 3rd period - Joel Eriksson Ek wins face-off versus Max McCormick in BANFF WOLVES zone.
6:09 of 3rd period - Shot by Leo Komarov.
6:09 of 3rd period - Stopped by Mikko Koskinen with a rebound.
6:23 of 3rd period - Joel Eriksson Ek is hit by Miles Wood and loses puck.
6:36 of 3rd period - Shot by Mark Jankowski.
6:36 of 3rd period - Stopped by Carey Price with a rebound.
6:38 of 3rd period - Shot by Taylor Fedun.
6:38 of 3rd period - Shot Misses the Net.
7:31 of 3rd period - Tomas Tatar is hit by Josh Teves and loses puck.
7:44 of 3rd period - Shot by Andrew Shaw.
7:44 of 3rd period - Stopped by Mikko Koskinen without a rebound.
7:45 of 3rd period - Anze Kopitar wins face-off versus Josh Archibald in BANFF WOLVES zone.
7:58 of 3rd period - Shot by Anze Kopitar.
7:58 of 3rd period - Stopped by Mikko Koskinen without a rebound.
7:59 of 3rd period - Brayden Point wins face-off versus Josh Archibald in BANFF WOLVES zone.
8:32 of 3rd period - Off-side.
8:33 of 3rd period - Tanner Kero wins face-off versus Anze Kopitar in neutral zone.
8:38 of 3rd period - Shot by Mark Letestu.
8:38 of 3rd period - Shot Misses the Net.
9:03 of 3rd period - Cam Atkinson is hit by Josh Teves.
9:27 of 3rd period - Bryan Little is hit by Josh Teves and loses puck.
9:37 of 3rd period - Rocco Grimaldi is hit by Josh Teves and loses puck.
9:45 of 3rd period - Alexander Kerfoot is hit by Josh Teves and loses puck.
10:14 of 3rd period - Shot by Brayden Point.
10:14 of 3rd period - Stopped by Mikko Koskinen with a rebound.
10:16 of 3rd period - Shot by Tomas Tatar.
10:16 of 3rd period - Shot Misses the Net.
10:18 of 3rd period - Shot by Tomas Tatar.
10:18 of 3rd period - Shot Misses the Net.
10:20 of 3rd period - Shot by Brett Kulak.
10:20 of 3rd period - Shot Misses the Net.
10:37 of 3rd period - Joel Eriksson Ek is hit by Josh Teves and loses puck.
10:56 of 3rd period - Josh Archibald is hit by Austin Wagner.
11:12 of 3rd period - Shot by John Hayden.
11:12 of 3rd period - Shot Misses the Net.
11:18 of 3rd period - Shot by Tyler Ennis.
11:18 of 3rd period - Stopped by Carey Price without a rebound.
11:19 of 3rd period - Anze Kopitar wins face-off versus Mark Jankowski in VANCOUVER VOODOO zone.
11:21 of 3rd period - Icing by Cam Atkinson.
11:22 of 3rd period - Anze Kopitar wins face-off versus Mark Jankowski in VANCOUVER VOODOO zone.
11:57 of 3rd period - Shot by Craig Smith.
11:57 of 3rd period - Deflect By Markus Granlund.
11:57 of 3rd period - Shot Misses the Net.
11:59 of 3rd period - Shot by Markus Granlund.
11:59 of 3rd period - Shot Misses the Net.
12:01 of 3rd period - Shot by Craig Smith.
12:01 of 3rd period - Shot Blocked by Cam Atkinson.
12:23 of 3rd period - Shot by Miles Wood.
12:23 of 3rd period - Shot Blocked by Mathew Dumba.
12:24 of 3rd period - Minor Penalty to Miles Wood for Roughing.
12:25 of 3rd period - Brayden Point wins face-off versus Markus Granlund in BANFF WOLVES zone.
12:30 of 3rd period - Shot by Brayden Point.
12:30 of 3rd period - Stopped by Mikko Koskinen without a rebound.
12:31 of 3rd period - Anze Kopitar wins face-off versus Tyler Toffoli in BANFF WOLVES zone.
13:13 of 3rd period - Icing by Anze Kopitar.
13:14 of 3rd period - Tyler Toffoli wins face-off versus Andrew Shaw in VANCOUVER VOODOO zone.
13:14 of 3rd period - Tyler Toffoli is hit by Mathew Dumba.
13:19 of 3rd period - Icing by Mathew Dumba.
13:20 of 3rd period - Markus Granlund wins face-off versus Andrew Shaw in VANCOUVER VOODOO zone.
13:48 of 3rd period - Tomas Tatar is hit by Alex Biega.
16:31 of 3rd period - Shot by Mark Jankowski.
16:31 of 3rd period - Stopped by Carey Price without a rebound.
16:32 of 3rd period - Leo Komarov wins face-off versus Mark Letestu in VANCOUVER VOODOO zone.
16:43 of 3rd period - Kevan Miller is hit by Mathew Dumba and loses puck.
16:54 of 3rd period - Icing by Kevan Miller.
16:55 of 3rd period - Brayden Point wins face-off versus Mark Letestu in BANFF WOLVES zone.
17:41 of 3rd period - Rocco Grimaldi is hit by Josh Teves and loses puck.
17:50 of 3rd period - Shot by Craig Smith.
17:50 of 3rd period - Stopped by Carey Price without a rebound.
17:51 of 3rd period - Max McCormick wins face-off versus Anze Kopitar in VANCOUVER VOODOO zone.
17:54 of 3rd period - Shot by Miles Wood.
17:54 of 3rd period - Stopped by Carey Price without a rebound.
17:55 of 3rd period - Anze Kopitar wins face-off versus Josh Archibald in VANCOUVER VOODOO zone.
17:55 of 3rd period - Anze Kopitar is hit by Josh Archibald.
17:58 of 3rd period - Minor Penalty to John Hayden for Roughing.
17:59 of 3rd period - Markus Granlund wins face-off versus Brayden Point in BANFF WOLVES zone.
18:34 of 3rd period - Shot by Cam Atkinson.
18:34 of 3rd period - Deflect By Brayden Point.
18:34 of 3rd period - Shot Misses the Net.
Goals for this period are 1 for VANCOUVER VOODOO vs 0 for BANFF WOLVES.
Shots for this period are 9 for VANCOUVER VOODOO vs 8 for BANFF WOLVES.


NATHAN
MACKINNON
PHILLIP
DANAULT
CONNOR
MCDAVID

EAST COAST

HOCKEY LEAGUE

  • 25.QUE4CHI5
  • 26.CHA2LIM3
  • 27.TRV2LON3
  • 28.CHW4BAL2
  • 29.PITMAN
  • 30.ATLNHW
  • 31.WORPET
  • 32.RHI